 Dungeon Crawl Stone Soup version 0.28-a0-909-g796cbd3a86 (webtiles) character file.

Game seed: 13032936085276052126

65 gigimoi the Ducker (level 3, -4/19 HPs)
             Began as a Spriggan Abyssal Knight on Nov 24, 2021.
             Was a Follower of Lugonu.
             Slain by Grinder (5 damage)
             ... on level 3 of the Dungeon.
             The game lasted 00:06:38 (3330 turns).

gigimoi the Ducker (Spriggan Abyssal Knight)        Turns: 3330, Time: 00:06:38

Health: -4/19      AC:  2    Str:  9    XL:     3   Next: 92%
Magic:  14/14      EV: 18    Int: 11    God:    Lugonu [*.....]
Gold:   86         SH:  0    Dex: 16    Spells: 3/3 levels left

rFire   . . .      SeeInvis +   a - +1 short sword
rCold   . . .      Faith    .   (shield restricted)
rNeg    . . .      Spirit   .   b - +0 robe
rPois   .          Reflect  .   (helmet restricted)
rElec   .          Harm     .   (no cloak)
rCorr   .          Rampage  .   (gloves unavailable)
Will    .....                   (boots unavailable)
Stlth   ++........              (no amulet)
HPRegen 0.06/turn               m - ring of magical power
MPRegen 0.14/turn               (no ring)

@: very quick
A: very small, no large weapons, unfitting armour, see invisible, speed 3
a: Renounce Religion, Depart the Abyss


You were on level 3 of the Dungeon.
You worshipped Lugonu.
Lugonu was aware of your devotion.
You visited 1 branch of the dungeon, and saw 3 of its levels.
You visited the Abyss 1 time.

You collected 86 gold pieces.

Inventory:

Hand Weapons
 a - a +1 short sword (weapon)
 h - a +2 hunting sling of flaming
Armour
 b - a +0 robe (worn)
 n - a +2 helmet
Jewellery
 m - a ring of magical power (left hand)
Wands
 c - a wand of paralysis (11)
Scrolls
 d - 3 scrolls of teleportation {unknown}
 i - a scroll of fear {unknown}
 j - a scroll of enchant armour {unknown}
 k - a scroll of amnesia {unknown}
 l - a scroll of magic mapping {unknown}
Potions
 e - a potion of invisibility {unknown}
 f - a potion of lignification {unknown}
 g - a potion of heal wounds {unknown}


   Skills:
 + Level 2.6 Fighting
 * Level 3.1 Short Blades
 + Level 3.7 Dodging
 * Level 2.7 Stealth
 + Level 0.8 Spellcasting
 + Level 2.2 Invocations


You had 3 spell levels left.
You didn't know any spells.
Your spell library was empty.

Dungeon Overview and Level Annotations

Branches:
Dungeon (3/15)

Altars:
Yredelemnul

Annotations:
D:2 Natasha
D:3 1 runed translucent door, Grinder


Innate Abilities, Weirdness & Mutations

You are very small and have problems with some larger weapons.
You are too small for most types of armour.
You have supernaturally acute eyesight. (SInv)
You cover ground extremely quickly. (Speed+++)


Message History

n - a +2 helmet Grinder says, "At least Makhleb appreciates what I'm doing."
The goblin shouts!
Grinder closely misses you.
You barely miss Grinder. Grinder barely misses you.
You hit Grinder.
Grinder is lightly wounded.
Grinder barely misses you. The goblin misses you.
You hit Grinder but do no damage.
Grinder is lightly wounded.
You hit Grinder.
Grinder is lightly wounded.
Grinder closely misses you. The goblin barely misses you.
Grinder gestures at you. You resist with significant effort.
You barely miss the goblin. The goblin hits you with a +0 dagger.
Grinder says, "FISH!"
Grinder blinks!
You closely miss the goblin. The goblin hits you with a +0 dagger.
You barely miss the goblin. The goblin misses you.
Grinder blinks!
You hit the goblin.
You kill the goblin!
Lugonu accepts your kill. Grinder misses you.
You hit Grinder.
Grinder is moderately wounded.
Grinder misses you.
You hit Grinder.
Grinder is moderately wounded.
Grinder closely misses you.
You hit Grinder.
Grinder is heavily wounded.
Grinder hits you!
* * * LOW HITPOINT WARNING * * *
You hit Grinder.
Grinder is heavily wounded.
Grinder hits you.
* * * LOW HITPOINT WARNING * * *
You writhe in agony.
You die...

..........).....#...#.#
.######.###.......#...#
#.# #............
#.####.######.###
#.............#
####.###.#######
###...†..#.#
♣........###
#..##..@5.### #
#.###.#...# #)#p+.#._.#
♣...###.#...#
#.#......##### #
##......# #......#
#####.... #.#.


You could see Grinder and a neutral human (wandering).

Vanquished Creatures
  A human skeleton (D:3)
  2 dart slugs
  2 endoplasms
  A giant cockroach (D:1)
  5 goblins
  5 hobgoblins
  3 kobolds
  A quokka (D:2)
  4 ball pythons
  5 bats
  A frilled lizard (D:2)
  A goblin skeleton (D:3)
  4 rats
35 creatures vanquished.

Vanquished Creatures (others)
  7 toadstools (D:1)
7 creatures vanquished.

Grand Total: 42 creatures vanquished

Notes
Turn   | Place    | Note
-------+----------+-------------------------------------------
     0 | Abyss:1  | gigimoi the Spriggan Abyssal Knight began the quest for the
                  | Orb.
     0 | Abyss:1  | Reached XP level 1. HP: 11/11 MP: 3/3
    52 | Abyss:2  | Noticed a white very ugly thing
    54 | Abyss:2  | Found a corrupted altar of Lugonu.
    65 | Abyss:2  | Found a candlelit altar of Ignis.
    83 | Abyss:2  | Noticed a ynoxinul
    85 | Abyss:2  | Noticed a ynoxinul
   100 | Abyss:2  | Noticed a small abomination
   110 | D:1      | Escaped the Abyss
   429 | D:1      | Reached * piety under Lugonu
   578 | D:1      | Reached skill level 1 in Stealth
   581 | D:1      | Reached XP level 2. HP: 9/16 MP: 4/4
   823 | D:1      | Found a faded altar of an unknown god.
  1403 | D:2      | Noticed Natasha
  1743 | D:2      | Noticed an ogre
  2797 | D:3      | Reached XP level 3. HP: 19/19 MP: 5/5
  3301 | D:3      | Found a runed translucent door.
  3303 | D:3      | Noticed a human
  3309 | D:3      | Found a basalt altar of Yredelemnul.
  3310 | D:3      | Noticed Grinder
  3330 | D:3      | Slain by Grinder

Illustrated notes

Levels and vault maps discovered:
D:1:      nagdon_arrival_double_spiral, layout_loops_ring,
          ebering_ecumenical_altar_webs, patterned_corridor
D:2:      wander_river, layout_basic, uniq_terence, uniq_natasha
D:3:      layout_loops_ring, dk_yredelemnul_ordeal, serial_shops,
          nicolae_shop_trees, minmay_fractal_squares_diagonal_5, uniq_grinder

Skill      XL: |  1  2  3 |
---------------+----------+-----
Stealth        | 1 2 |  2.7
Invocations    | 2 |  2.2
Short Blades   | 3 |  3.1
Fighting       | |  2.6
Dodging        | |  3.7
Spellcasting   | |  0.8

Action                   || total
-------------------------++-------
Melee: Short sword       ||   136
Invok: Depart the Abyss  ||     1
 Stab: Sleeping          ||     4
       Distracted        ||     1
Armor: Robe              ||     9
Dodge: Dodged            ||   103

Table legend: (Time is in decaauts)
 A = Elapsed time spent in this place.
 B = Non-inter-level travel time spent in this place.
 C = Inter-level travel time spent in this place.
 D = Time resting spent in this place.
 E = Time spent auto-exploring this place.
 F = Levels seen in this place.
 G = Mean time per level.
                   A        B        C        D        E       F      G
               +--------+--------+--------+--------+--------+-----+--------+
         Total |   2673 |   2501 |    172 |    205 |   1767 |   5 |  534.6 |
       Dungeon |   2602 |   2430 |    172 |    205 |   1767 |   3 |  867.3 |
         Abyss |     71 |     71 |      0 |      0 |      0 |   2 |   35.5 |
               +--------+--------+--------+--------+--------+-----+--------+

Top non-repeatable levels by time:
     D:1: 1472 daAuts
     D:3: 679 daAuts
     D:2: 450 daAuts
 Abyss:2: 66 daAuts
 Abyss:1: 5 daAuts
